 Dungeon Crawl Stone Soup version 0.31-a0-859-g9dce7d3444 (webtiles) character file.

Game seed: 8991476086124544598

147 BinkBink the Covered (level 5, -2/47 HPs)
             Began as a Minotaur Fighter on Oct 10, 2023.
             Was a High Priest of Ignis.
             Slain by Pikel
             ... wielding a +1 whip of freezing
              (10 damage)
             ... on level 4 of the Dungeon.
             The game lasted 00:03:08 (2203 turns).

BinkBink the Covered (Minotaur Fighter)             Turns: 2203, Time: 00:03:10

Health: -2/47      AC:  7    Str: 22    XL:     5   Next: 7%
Magic:  4/4        EV:  9    Int:  5    God:    Ignis [*****.]
Gold:   102        SH:  4    Dex: 10    Spells: 4/4 levels left

rFire   + . .        a - +0 war axe
rCold   . . .        c - +0 buckler
rNeg    . . .        b - +0 scale mail
rPois   .            (helmet restricted)
rElec   .            (no cloak)
rCorr   .            (no gloves)
SInv    .            (no boots)
Will    .....        (no amulet) Stlth
                     (no ring)
HPRegen 0.27/turn    (no ring)
MPRegen 0.09/turn

%: no passive effects
@: no status effects
A: horns 2, retaliatory headbutt
a: Renounce Religion, Fiery Armour, Foxfire Swarm, Rising Flame


You were on level 4 of the Dungeon.
You worshipped Ignis.
Ignis was extremely pleased with you.
You visited 1 branch of the dungeon, and saw 4 of its levels.

You collected 162 gold pieces.
You spent 60 gold pieces at shops.

Inventory:

Hand Weapons
 a - a +0 war axe (weapon)
 f - the +10 short sword of Barnacled Tender Mercy {flame, Will+}
   (You found it on level 4 of the Dungeon)

   Will+:     It increases your willpower.
Armour
 b - a +0 scale mail (worn)
 c - a +0 buckler (worn)
Wands
 e - a wand of polymorph (18)
 q - a wand of mindburst (11)
Scrolls
 h - a scroll of amnesia {unknown}
 j - a scroll of revelation {unknown}
 k - a scroll of torment {unknown}
 l - a scroll of poison {unknown}
 m - a scroll of fear {unknown}
 n - 2 scrolls of teleportation {unknown}
 o - 2 scrolls of noise {unknown}
 r - a scroll of vulnerability {unknown}
Potions
 d - 2 potions of might
 g - 2 potions of resistance
 i - 2 potions of brilliance
 p - a potion of invisibility
 s - a potion of lignification


   Skills:
 + Level 4.5 Fighting
 * Level 4.4 Axes
 + Level 4.5 Armour
 + Level 4.5 Shields


You had 4 spell levels left.
You didn't know any spells.
Your spell library was empty.

Dungeon Overview and Level Annotations

Branches:
Dungeon (4/15)
 Temple: D:4-7

Altars:
Uskayaw
Ignis

Shops:
D:1 =   D:2 ?

Annotations:
D:4 Pikel


Innate Abilities, Weirdness & Mutations

You have a pair of horns on your head.
You reflexively headbutt those who attack you in melee.


Message History

There are monsters nearby!
Unknown command.
There is an open door here.
Pikel, Merchant of Souls comes into view.
He is wielding a +1 whip of freezing.
Pikel shouts!
You hear a shout! x2
There is an open door here.
Pikel says, "You'll feel the lick of my whip!"
There is an open door here.
You slash Pikel!
Pikel is lightly wounded.
Pikel hits you with a +1 whip of freezing.
Pikel freezes you.
You slash Pikel!
Pikel is heavily wounded.
Pikel hits you with a +1 whip of freezing!
Pikel freezes you.
Pikel hits you with a +1 whip of freezing.
Pikel freezes you.
You closely miss Pikel.
Pikel is heavily wounded.
Pikel hits you with a +1 whip of freezing.
Pikel freezes you.
You slash Pikel! Your headbutt misses Pikel.
Pikel is severely wounded.
Pikel hits you with a +1 whip of freezing.
Pikel freezes you.
You hit Pikel.
Pikel is severely wounded.
Pikel hits you with a +1 whip of freezing.
Pikel freezes you.
* * * LOW HITPOINT WARNING * * *
You slash Pikel! Your headbutt misses Pikel.
Pikel is almost dead.
Pikel hits you with a +1 whip of freezing.
* * * LOW HITPOINT WARNING * * *
Pikel freezes you.
* * * LOW HITPOINT WARNING * * *
Pikel hits you with a +1 whip of freezing!
You die...
Pikel says, "Another soul for the market."

#...........K##########
#............'.[....
#............#......
#............######.#
#......##5####..###.#
#......#...K........#
#......#......55....#
#......########K#####
########.###.##@##.###..
#.................. .
#.................. ..
##########..###### ..#
#..######...#
#............
#............
#####.##########
###.#.........


You could see Pikel and 2 lemures.

Vanquished Creatures
  Natasha (thrice) (D:3)
  An adder (D:2)
  3 ball pythons
  4 bats
  9 endoplasms
  4 giant cockroaches
  3 goblins
  7 hobgoblins
  6 jackals (D:2)
  4 quokkas
  2 frilled lizards
  6 kobolds
  5 rats
57 creatures vanquished.

Notes
Turn   | Place    | Note
-------+----------+-------------------------------------------
     0 | D:1      | BinkBink the Minotaur Fighter began the quest for the Orb.
     0 | D:1      | Reached XP level 1. HP: 19/19 MP: 0/0
    20 | D:1      | Found Qasya's Jewellery Boutique.
    32 | D:1      | Found a faded altar of an unknown god.
   180 | D:1      | Prayed at the altar of an unknown god.
   180 | D:1      | Became a worshipper of Ignis, the Dying Flame
   182 | D:1      | Reached XP level 2. HP: 27/27 MP: 1/1
   902 | D:2      | Found a hide-covered altar of Uskayaw.
   907 | D:2      | Reached XP level 3. HP: 33/33 MP: 2/2
  1238 | D:2      | Found Tehic's Magic Scroll Boutique.
  1242 | D:2      | Bought a scroll of identify for 20 gold pieces
  1242 | D:2      | Bought a scroll of identify for 20 gold pieces
  1242 | D:2      | Bought a scroll of identify for 20 gold pieces
  1479 | D:3      | Noticed Natasha
  1496 | D:3      | Killed Natasha
  1497 | D:3      | Reached XP level 4. HP: 22/40 MP: 3/3
  1581 | D:3      | Noticed Natasha
  1588 | D:3      | Killed Natasha
  1897 | D:3      | Noticed Natasha
  1909 | D:3      | Killed Natasha
  1910 | D:3      | Reached XP level 5. HP: 47/47 MP: 4/4
  2072 | D:4      | Identified the +10 short sword of Barnacled Tender Mercy
                  | {flame, Will+}
  2168 | D:4      | Noticed a lemure
  2168 | D:4      | Noticed a lemure
  2177 | D:4      | Noticed Pikel
  2203 | D:4      | Slain by Pikel

Illustrated notes

Levels and vault maps discovered:
D:1:      mrwooster_arrival_statue, layout_loops_cross, serial_aquarium,
          aquarium_bridge_square [aquarium_subvault_window,
          aquarium_subvault_bridge, aquarium_subvault_bridge,
          aquarium_subvault_bridge], aquarium_window_fake,
          aquarium_window_corridor_1, aquarium_window_1, aquarium_window_1,
          aquarium_view_2f, aquarium_pool_corner,
          hellmonk_ecumenical_altar_arch_garden, serial_shops, shop,
          minmay_curled_crystal
D:2:      layout_basic, serial_shops, nicolae_shop_stone, basic_altar
D:3:      layout_rooms, uniq_natasha
D:4:      layout_gridville, mainiacjoe_overflow_alcove_4, serial_shops, shop,
          uniq_pikel

Skill      XL: |  1  2  3  4 |
---------------+-------------+-----
Axes           | 3 4 |  4.4
Armour         | 4 |  4.5
Shields        | 4 |  4.5
Fighting       | 4 |  4.5

Action                     |  1- 3 |  4- 6 || total
---------------------------+-------+-------++-------
  Melee: War axe           |    85 |    38 ||   123
         Headbutt          |    11 |     5 ||    16
    Use: Scroll            |       |     5 ||     5
 Armour: Scale mail        |    59 |    25 ||    84
  Dodge: Dodged            |    53 |    15 ||    68
  Block: Buckler           |    16 |     4 ||    20

Table legend: (Time is in decaauts)
 A = Elapsed time spent in this place.
 B = Non-inter-level travel time spent in this place.
 C = Inter-level travel time spent in this place.
 D = Time resting spent in this place.
 E = Time spent auto-exploring this place.
 F = Levels seen in this place.
 G = Mean time per level.
                   A        B        C        D        E       F      G
               +--------+--------+--------+--------+--------+-----+--------+
         Total |   2246 |   2180 |     66 |     63 |   1727 |   4 |  561.5 |
       Dungeon |   2246 |   2180 |     66 |     63 |   1727 |   4 |  561.5 |
               +--------+--------+--------+--------+--------+-----+--------+

Top non-repeatable levels by time:
     D:2: 797 daAuts
     D:1: 705 daAuts
     D:3: 525 daAuts
     D:4: 216 daAuts
